Cogmind - Beta 13 @@@ ROGUE MODE // 2024.04.09 @ 20:41:12 Player: Sightsear Result: Destroyed by S-10 Pest with Light Assault Rifle Performance ------------- Evolutions (1) 500 Regions Visited (2) 400 Robots Destroyed (29) 145 Value Destroyed (621) 621 Prototype IDs (0) 0 Alien Tech Used (0) 0 Bonus (0) 0 TOTAL SCORE: 1666 Bonus ------- None Cogmind --------- Core Integrity 0/400 Matter 298/300 Energy 99/100 System Corruption 2% Temperature Cool (0) Movement Core (400) Ox7 Location -9/Materials Parts ------- > --- POWER (1) -------- (None) > --- PROPULSION (3) --- (None) > --- UTILITY (3) ------ Large Storage Unit > --- WEAPON (2) ------- Mining Claw > --- INVENTORY (15) --- Improved Ion Engine Heavy Ion Engine Flight Unit Heat Sink Medium Storage Unit Improved Terrain Scanner Salvage Targeting Computer Particle Charger Light Armor Plating Medium Laser Small Laser Autogun Rocket Launcher Peak State ------------ > --- POWER ------------ Ion Engine > --- PROPULSION ------- Titanium Leg Titanium Leg Titanium Leg > --- UTILITY ---------- Improved Heat Sink Particle Charger Light Armor Plating > --- WEAPON ----------- Medium Laser Rocket Launcher > --- INVENTORY -------- Ion Engine Structural Scanner Improved Terrain Scanner Seismic Detector Small Laser [Rating: 20] Favorites ----------- Power Ion Engine Engine Ion Engine Propulsion Titanium Leg Treads Light Treads Leg Titanium Leg Utility Medium Storage Unit Device Improved Terrain Scanner Storage Medium Storage Unit Protection Light Armor Plating Weapon Mining Claw Energy Gun Medium Laser Ballistic Gun Light Assault Rifle Launcher Rocket Launcher Slashing Weapon Mining Claw Build | -11 -10 -9 ------- Run | Yrd Mat Mat Slots Evolved 2 | . . 2 Power . | . . . Propulsion 1 | . . 1 Utility 1 | . . 1 Weapon . | . . . Parts Attached 34 | 7 9 18 Power 4 | 1 1 2 Engine 4 | 1 1 2 Core . | . . . Reactor . | . . . Propulsion 8 | 2 3 3 Treads 2 | . 2 . Leg 6 | 2 1 3 Wheel . | . . . Hover . | . . . Flight . | . . . Utility 10 | 2 2 6 Device 5 | 1 . 4 Storage 4 | 1 1 2 Processor . | . . . Hackware . | . . . Protection 1 | . 1 . Artifact . | . . . Weapon 12 | 2 3 7 Energy Gun 5 | 1 2 2 Energy Cannon . | . . . Ballistic Gun 1 | 1 . . Ballistic Cannon . | . . . Launcher 3 | . 1 2 Special Weapon . | . . . Impact Weapon . | . . . Slashing Weapon 3 | . . 3 Piercing Weapon . | . . . Special Melee Weapon . | . . . Unidentified Prototypes . | . . . Parts Lost 13 | . 3 10 Power 2 | . . 2 Propulsion 5 | . 2 3 Utility 4 | . . 4 Weapon 2 | . 1 1 Highest Loss Streak 7 | . 3 7 To Critical Strikes 1 | . . 1 Average Slot Usage (%) 96 | . 98 95 Engine 11 | . 14 9 Treads 6 | . 12 . Leg 23 | . 14 30 Device 14 | . 13 16 Storage 11 | . 14 9 Protection 3 | . . 5 Energy Gun 10 | . 13 8 Ballistic Gun 6 | . 13 . Launcher 1 | . . 2 Slashing Weapon 6 | . . 11 Naked Turns . | . . . Heaviest Build 35 | 14 24 35 Greatest Support 51 | 20 40 51 Greatest Overweight (x) 7 | 1 . 7 Average Overweight (x) . | . . . Largest Inventory Capacity 15 | 8 10 15 Average Capacity 10 | 7 9 11 Most Carried 13 | 6 10 13 Average Carried 7 | 3 6 9 Final Capacity 15 | 8 10 15 Final Carried 13 | 4 10 13 Class Distribution -------------------- 86% | Mutant 13% | Scavenger-Mutant Dominant Class ---------------- Mutant | -10/Materials Mutant | -9/Materials Resources | -11 -10 -9 ----------- Run | Yrd Mat Mat Matter Collected 604 | 276 94 234 Remotely . | . . . Salvage Created 985 | 130 461 394 Parts 70 | 5 30 35 Haulers Intercepted 2 | . 1 1 Recyclers Shooed 2 | . 1 1 Parts Field Recycled . | . . . Retrieved Matter . | . . . Parts Self-Destructed . | . . . Prevented . | . . . Kills | -11 -10 -9 ------- Run | Yrd Mat Mat Combat Hostiles Destroyed 17 | . 8 9 Melee 6 | . . 6 Guns 10 | . 8 2 AOE 1 | . . 1 Classes Destroyed 9 | 2 4 3 Worker 3 | . 1 2 Builder 1 | . . 1 Tunneler 2 | 1 . 1 Hauler 2 | . 1 1 Recycler 2 | 1 1 . Watcher 2 | . 1 1 Swarmer 4 | . . 4 Grunt 10 | . 8 2 Sentry 3 | . . 3 Best Kill Streak 4 | 2 3 4 Combat Bots Only 3 | . 3 2 Max Kills in Single Turn 1 | 1 1 1 Gunslinging . | . . . Exploded 1 | . . 1 Melee 1 | . . 1 Uniques/NPCs Destroyed . | . . . Combat | -11 -10 -9 -------- Run | Yrd Mat Mat Hostile Shots Fired 242 | . 59 183 Missed 53 | . 14 39 Damage Taken 1983 | . 596 1387 Core 601 | . 197 404 Absorbed by Shields . | . . . Core Remaining (%) 60 | 100 21 . Volleys Fired 69 | 6 42 21 Largest 2 | 2 2 2 Hottest 90 | 60 70 90 Shots Fired 122 | 12 73 37 Gun 116 | 12 73 31 Cannon . | . . . Launcher 6 | . . 6 Special . | . . . Kinetic 48 | 6 42 . Thermal 35 | . 4 31 Explosive 6 | . . 6 Electromagnetic 33 | 6 27 . Robot Hit Streak 8 | 8 5 5 Robot Miss Streak 3 | 1 3 3 Penetration Max . | . . . Secondary Targets . | . . . Shots Hit Robots 93 | 10 46 37 Core Hits 51 | 4 24 23 Critical Kills . | . . . Critical Parts Destroyed . | . . . Critical Strikes . | . . . Melee Attacks 38 | . . 38 Impact . | . . . Slashing 38 | . . 38 Piercing . | . . . Sneak Attacks . | . . . Combat Hostiles . | . . . Follow-up Attacks 7 | . . 7 Damage Inflicted 1540 | 101 465 974 Guns 783 | 101 455 227 Cannons . | . . . Explosions 382 | . . 382 Melee 355 | . . 355 Ramming 20 | . 10 10 Kinetic 253 | 37 216 . Thermal 265 | . 38 227 Explosive 382 | . . 382 Electromagnetic 265 | 64 201 . Impact . | . . . Slashing 355 | . . 355 Piercing . | . . . Highest Corruption 2 | . . 2 Average Corruption 2 | . . 2 Corruption Purged . | . . . Corruption Blocked . | . . . Effects 5 | . . 5 Message Errors 2 | . . 2 Matter Fused 1 | . . 1 Heat Flow Errors 1 | . . 1 Misfires 1 | . . 1 Overload Shots . | . . . Overflow Damage 14 | . . 14 Projectiles . | . . . Explosions 2 | . . 2 Melee 12 | . . 12 Knockbacks . | . . . Impact . | . . . Kinetic . | . . . Secondary . | . . . Self-Inflicted Damage 26 | . . 26 Shots 1 | . . 1 Rammed 1 | . 1 . Targets Rammed 3 | . 2 1 Kicked 1 | . . 1 Crushed 1 | . 1 . Highest Temperature 205 | 20 148 205 Average Temperature 46 | 13 48 55 Received Heat Transfer 681 | . 357 324 Siege Activations . | . . . Robots Corrupted . | . . . Combat Hostiles . | . . . Parts Fried . | . . . Impact Corruptions . | . . . Robots Melted . | . . . Combat Hostiles . | . . . Parts Melted . | . . . Heat Transferred 682 | . 111 571 Parts Sabotaged . | . . . Parts Stolen . | . . . Parts Stripped . | . . . Power Chain Reactions . | . . . Alert | -11 -10 -9 ------- Run | Yrd Mat Mat Peak Influence 348 | 10 224 348 Initial 9 | . 6 9 Average 116 | 3 96 153 Maximum Alert Level 1 | . 1 1 Low Security (%) 77 | 100 75 75 Level 1 22 | . 24 24 Level 2 . | . . . Level 3 . | . . . Level 4 . | . . . Level 5 . | . . . High Security . | . . . Max Security . | . . . Squads Dispatched 2 | . 1 1 Investigation 1 | . 1 . Extermination . | . . . Reinforcement 1 | . . 1 Assault . | . . . Garrison . | . . . Intercept . | . . . Searches Triggered . | . . . Construction Impeded . | . . . Haulers Reinforced . | . . . Active Scanning Responses . | . . . Cargo Convoy Interrupts . | . . . Stealth | -11 -10 -9 --------- Run | Yrd Mat Mat Distress Signals 3 | . 1 2 Communications Jammed . | . . . Distress Signals . | . . . Times Spotted 36 | . 12 24 Peak Tracking Total 5 | . 5 5 Tactical Retreats 3 | . 1 2 Traps | -11 -10 -9 ------- Run | Yrd Mat Mat Traps Triggered 1 | . . 1 Indirectly . | . . . Trap Hack Attempts . | . . . Triggered . | . . . Disarmed . | . . . Reprogrammed . | . . . Reused . | . . . Traps Extracted . | . . . Installed . | . . . Triggered . | . . . Machines | -11 -10 -9 ---------- Run | Yrd Mat Mat Machines Disabled 1 | . . 1 Max in Single Turn 1 | . . 1 Machines Repaired . | . . . Machines Dismantled . | . . . Machines Sabotaged . | . . . Overloaded Fab Kills . | . . . Hacking | -11 -10 -9 --------- Run | Yrd Mat Mat Machines Accessed 2 | . 2 . Terminals 1 | . 1 . Fabricators . | . . . Repair Stations . | . . . Recycling Units 1 | . 1 . Scanalyzers . | . . . Garrison Access . | . . . Total Hacks 5 | . 5 . Successful 3 | . 3 . Failed 2 | . 2 . Catastrophic . | . . . Database Lockouts . | . . . Manual . | . . . Terminals 3 | . 3 . Fabricators . | . . . Repair Stations . | . . . Recycling Units 2 | . 2 . Scanalyzers . | . . . Garrison Access . | . . . Terminal Hacks 2 | . 2 . Record 1 | . 1 . Emergency Access Points 1 | . 1 . Fabricator Hacks . | . . . Repair Station Hacks . | . . . Recycling Unit Hacks 1 | . 1 . Retrieve Components 1 | . 1 . Scanalyzer . | . . . Garrison Access Hacks . | . . . Unauthorized Hacks . | . . . Terminals . | . . . Fabricators . | . . . Repair Stations . | . . . Recycling Units . | . . . Scanalyzers . | . . . Garrison Access . | . . . Data Cores Recovered . | . . . Used . | . . . Hacking Detections 2 | . 2 . Full Trace Events 1 | . 1 . Feedback Events . | . . . Feedback Blocked . | . . . Robot Schematics Acquired . | . . . Robots Built . | . . . Authchips . | . . . Time . | . . . Total Robot Build Rating . | . . . Part Schematics Acquired . | . . . Parts Built . | . . . Authchips . | . . . Time . | . . . Total Part Build Rating . | . . . Parts Repaired . | . . . Time . | . . . Parts Recycled . | . . . Recycled Matter . | . . . Retrieved Matter . | . . . Retrieved Components 2 | . 2 . Parts Scanalyzed . | . . . Part Schematics Acquired . | . . . Parts Damaged . | . . . Bothacking | -11 -10 -9 ------------ Run | Yrd Mat Mat Used RIF Installer . | . . . Robots Hacked . | . . . Non-combat . | . . . Combat . | . . . Robot Hacks Applied . | . . . Relay Couplers Released . | . . . Fabnet Peak Effective % . | . . . Robots Rewired . | . . . Allies Hacked . | . . . Hacks Repelled . | . . . Allies | -11 -10 -9 -------- Run | Yrd Mat Mat Total Allies . | . . . Largest Group . | . . . Highest-Rated Group . | . . . Highest-Rated Ally . | . . . Total Orders . | . . . Ally Attacks . | . . . Total Damage . | . . . Kills . | . . . Allies Corrupted . | . . . Allies Melted . | . . . Intel | -11 -10 -9 ------- Run | Yrd Mat Mat Robot Analysis Total . | . . . Derelict Logs Recovered . | . . . Drone Launches . | . . . Drone Recoveries . | . . . Exploration | -11 -10 -9 ------------- Run | Yrd Mat Mat Turns Passed 1230 | 111 517 602 Spaces Moved 627 | 61 259 307 Core 16 | 15 . 1 Treads 139 | . 134 5 Legs 472 | 46 125 301 Wheels . | . . . Hover . | . . . Flight . | . . . Fastest Speed 50 | 50 120 130 Average Speed 135 | 125 140 132 Slowest Speed 400 | 190 160 400 Overloaded Moves . | . . . Propulsion Burnouts . | . . . Robots Hopped . | . . . Cave-ins Triggered . | . . . Exploration Rate (%) 28 | 4 47 35 Regions Visited 2 Branch Regions . Pre-discovered Areas . | . . . Known Exits Taken . | . . . Unknown Exits Taken 2 | 1 1 . Scrap Searched . | . . . Spaces Dug 1 | . . 1 Terrain Destroyed 22 | . . 22 Melee 1 | . . 1 Projectile . | . . . AOE 21 | . . 21 Terrain Rammed . | . . . Walls Destroyed . | . . . Machines Disabled . | . . . Actions | -11 -10 -9 --------- Run | Yrd Mat Mat Total 839 | 84 345 410 Wait 23 | . 17 6 Move 625 | 60 258 307 Hop . | . . . Pick Up 44 | 11 13 20 Fast Attach . | . . . Attach 18 | 7 3 8 Detach . | . . . Swap 16 | . 6 10 Drop 12 | . 4 8 Fire 69 | 6 42 21 Melee 29 | . . 29 Ram . | . . . Kick 1 | . . 1 Crush 2 | . 2 . Escape Stasis . | . . . Rewire . | . . . Trap . | . . . Miscellaneous . | . . . Route ------- -11/Scrapyard -10/Materials (discovered 2 exits: [*Mat] / [*Min]) -9/Materials (discovered 2 exits: [*Mat] / [*Min]) History --------- Turn | Location | Event 30 | -11/Scrapyard | Discovered new exit (range 16) 112 | -11/Scrapyard | Entered Materials 334 | -10/Materials | Build established: Mutant 366 | -10/Materials | Core integrity fell below 50% 412 | -10/Materials | Lost 3 parts (2n1w) 435 | -10/Materials | Discovered new exit (range 12) 575 | -10/Materials | Discovered new exit (range 16) 629 | -10/Materials | Entered another Materials area 629 | -9/Materials | Evolved 2 slots: Propulsion x1, Utility x1 850 | -9/Materials | Discovered new exit (range 12) 1165 | -9/Materials | Discovered new exit (range 3) 1204 | -9/Materials | Core integrity fell below 50% 1222 | -9/Materials | Core integrity fell below 20% 1231 | -9/Materials | Destroyed by S-10 Pest with Light Assault Rifle Last Messages --------------- Acquired Heat Sink. EXIT=FOUND W-16 Scout sends out distress signal. W-16 Scout destroyed. Acquired 9 matter. System corrupted: Matter fused (-10). Mining Claw follow-up attack on G-34 Mercenary. Mining Claw follow-up attack on G-47 Trooper. Critical hit (Destroy). Titanium Leg destroyed. Critical hit (Burn: +37). Structural Scanner destroyed. Imp. Ion Engine destroyed. Seismic Detector destroyed. Titanium Leg destroyed. G-47 Trooper destroyed. R-06 Scavenger collects Lgt. Nuclear Core. Mining Claw destroyed. MRZOP6 QT/QVU0J Titanium Leg destroyed. Map ----- +----------------------------------------------------+ | ??????????????????????????????????? | | ??????????????????????????????????? | | ??????????????????????????????????? | | ??????????????????????????????????? | | ??????????????????????????????????? | | ??????????????????????????????????? | | ??????????????????????????????????? | | ??????????????????????????????????? | | ??????????????????????????????????? | | ??????????????????????????????????? | | ??????????????????????????????????? | | ??????????????????????????????????? | | ??????????????????????????????????? | | ??????????????????????????????????? | | ??????????????????????????????????? | | ?????????????????? ##?????????????? | | ???#############?? ##?????????????? | | ???#############? ## ????????????? | | ???## ## ## ????????????? | | ???## # ##????????????? | | ???## # ?????????????? | | ???## a T????????????????? | | ???## s # ??????????????????? | | ???## s # ??????????????????? | | ???## [% ##??????????????????? | | ???## !!@ g ##??????????????????? | | ???######/######???? ?????????????? | | ???######s######?? / ?????????????? | | ???????## ##?????? # ?????????????? | | ???????## ###### # ?????????????? | | ???????## ###### # ?????????????? | | ???????## # ?????????????? | | ???????## # ?????????????? | | ???????## ##?????????????? | | ???????## ################??????? | | ???????## ################??????? | | ??????? # # ##??????? | | ??????? # # """ """ """ ##??????? | | ?? ??? # # """ """ """ ##??????? | | ??""""? # # """ """ """ ##??????? | | ??""""" # # ##??????? | | # """"" + + #####???? | | # # #############"#### ???? | | # =! ? # < ###### # ???? | | # =!??? # ##??## """ """ # ???? | | # ????? ######??## """"""""" # ???? | | # ????? ######??## """"" " # ???? | | ????????????????## # ???? | | ????????????????## # | | ????????????????## ###+## | +----------------------------------------------------+ Best States ------------- Heat Dissipation 42 Energy Generation 12 Energy Capacity 265 Matter Stores 300 Matter Capacity 300 Sight Range 16 Terrain Scan Range 16 Terrain Scan Density 10 Armor Coverage 150 Evasion (%) 55 Recoil Reduction 2 Particle Charging 15 Item Schematics ----------------- None Robot Schematics ------------------ None Fabricated ------------ Nothing Alien Tech Used ----------------- None Achievements -------------- Maybe Next Time I'll Detach My Launcher Challenges ------------ None Game ------ Seed AccelerationThiefCannon Manual? 0 Play Time 00:25:22 Cumulative 6.3 hours Start 2024.04.09 @ 20:17:50 End 2024.04.09 @ 20:41:12 Sessions 1 Manual Loads 0 Difficulty Rogue Special Mode None Game No. 6 Rogue 6 Adventurer 0 Explorer 0 Win Type - Total 0 Types 0/0/0/0/0/0/0/0/0 Lore% 6 Gallery% 9 Achievement% 10 Wizard Run 0 Options --------- Layout 0 ASCII 0 Keyboard 0 Movement Numpad Keybinds 0 Fullscreen 1 Font 18/SmallcapsGlow Map View 76x50 Zoom Use 0% Tactical HUD 0 Map Filters NONE Filters NONE Steam 1 RUN: 4dff04a3-26e6-4823-bf15-c94c2097ccf9